 Dungeon Crawl Stone Soup version 0.31-a0-949-g57150269e1 (webtiles) character file.

Game seed: 14717907170294782944

9 avis the Changeling (level 2, 12/12 HPs)
             Began as a Felid Shapeshifter on Oct 22, 2023.
             Got out of the dungeon alive.
             The game lasted 00:01:38 (198 turns).

avis the Changeling (Felid Shapeshifter)             Turns: 198, Time: 00:01:39

Health: 12/12      AC:  1    Str: 10    XL:     2   Next: 3%
Magic:  3/3        EV: 17    Int: 11    God:
Gold:   55         SH:  0    Dex: 15    Spells: 1/1 levels left
                                        Lives:  0   Deaths: 1

rFire   . .          .
                       - Unarmed
rCold   . . .        (shield unavailable)
rNeg    . . .        (body armour unavailable)
rPois   .            (helmet unavailable)
rElec   .            (cloak unavailable)
rCorr   .            (gloves unavailable)
SInv    +            (boots unavailable)
Will    .....        (no amulet)
Stlth   +            (no ring)
HPRegen 0.22/turn    (no ring)
MPRegen 0.08/turn

%: no passive effects
@: beast-form, quick
A: beast (slay +2), very small, claws 1, fangs 3, see invisible, speed 1, shaggy
fur 1, stealthy paws, no weapons or thrown items, no armour, multi-lived
a: Begin Untransformation


You escaped.
You were a hulking beast.
You visited 1 branch of the dungeon, and saw 1 of its levels.

You collected 55 gold pieces.

Inventory:

Talismans
 b - a beast talisman (active)
 c - a flux talisman
Scrolls
 d - a scroll of teleportation {unknown}
Potions
 a - a potion of lignification


   Skills:
 * Level 1.5 Fighting
 - Level 3.0 Dodging
 - Level 3.0 Unarmed Combat
 - Level 3.5 Shapeshifting


You had one spell level left.
You didn't know any spells.
Your spell library was empty.

Dungeon Overview and Level Annotations

Branches:
Dungeon (1/15)

Altars:


Innate Abilities, Weirdness & Mutations

You are a hulking beast.
Your limbs bulge with bestial killing power. (Slay +2)
You have sharp claws.
You have razor-sharp teeth.
You have supernaturally acute eyesight. (SInv)
You cover ground quickly. (Speed+)
You are covered in fur. (AC +1)
Your paws help you pounce on unaware monsters.
You are incapable of wielding weapons or throwing items.
You cannot wear armour.
You gain extra lives every three experience levels.


Message History

Found 5 stones.
You now have 28 gold pieces (gained 7).
An endoplasm comes into view.
You scratch the endoplasm.
The endoplasm is almost dead.
The endoplasm closely misses you.
You scratch the endoplasm.
You kill the endoplasm!
Training target 3.0 for Dodging reached!
Your Dodging skill increases to level 3!
You need to enable at least one skill for training.
You now have 39 gold pieces (gained 11).
A hobgoblin comes into view.
The hobgoblin shouts!
The hobgoblin closely misses you.
You barely miss the hobgoblin.
An endoplasm comes into view.
The hobgoblin barely misses you.
You claw the hobgoblin!
You kill the hobgoblin!
The endoplasm jiggles.
You scratch the endoplasm.
The endoplasm is severely wounded.
The endoplasm barely misses you.
You claw the endoplasm!
You kill the endoplasm!
Found 16 gold pieces.
You now have 55 gold pieces (gained 16).
A kobold comes into view. It is wielding a +2 whip of holy wrath.
The kobold shouts!
You scratch the kobold.
You kill the kobold!
You have reached level 2!
Things that are here:
a +2 whip of holy wrath; a kobold corpse
Found a leather armour.
Found a scroll labelled FOPPYBATYN.
There is a staircase leading out of the dungeon here.
You can't go down here!
You have escaped!

#.#.......#.# .###
.....##..##.# ##...#
.....##.###.###....#
........###.##..#..##
............#..#.#..######
...####.......#...#......#
.. ##.#####.....#####.#
......#...........#..##
#####..#....h....#.....
#..#.........#...#
#..#...........#..#
#.#####.....#####.#
#......#...#......#
###.....#.#..####...
##..#..#..........
#..##...########.
#.........# # #


There were no monsters in sight!

Vanquished Creatures
  2 endoplasms (D:1)
  A giant cockroach (D:1)
  A hobgoblin (D:1)
  A kobold (D:1)
  A bat (D:1)
  2 rats (D:1)
8 creatures vanquished.

Notes
Turn   | Place    | Note
-------+----------+-------------------------------------------
     0 | D:1      | avis the Felid Shapeshifter began the quest for the Orb.
     0 | D:1      | Reached XP level 1. HP: 9/9 MP: 2/2
    70 | D:1      | Slain by a kobold
   166 | D:1      | Reached XP level 2. HP: 12/12 MP: 3/3
   198 | D:$      | Got out of the dungeon alive.

Illustrated notes

Levels and vault maps discovered:
D:1:      scummos_arrival_star, layout_basic, minmay_quantized

Skill      XL: |  1 |
---------------+----+-----
Dodging        | 3 |  3.0
Fighting       | |  1.5
Unarmed Combat | |  3.0
Shapeshifting  | |  3.5

Action                     || total
---------------------------++-------
  Melee: Unarmed           ||    28
         Punch             ||     1
         Bite              ||     1
   Stab: Sleeping          ||     1
 Armour: Skin              ||     5
  Dodge: Dodged            ||    21

Table legend: (Time is in decaauts)
 A = Elapsed time spent in this place.
 B = Non-inter-level travel time spent in this place.
 C = Inter-level travel time spent in this place.
 D = Time resting spent in this place.
 E = Time spent auto-exploring this place.
 F = Levels seen in this place.
 G = Mean time per level.
                   A        B        C        D        E       F      G
               +--------+--------+--------+--------+--------+-----+--------+
         Total |    165 |    165 |      0 |      0 |     62 |   1 |  165.0 |
       Dungeon |    165 |    165 |      0 |      0 |     62 |   1 |  165.0 |
               +--------+--------+--------+--------+--------+-----+--------+

Top non-repeatable levels by time:
     D:1: 165 daAuts
